 Dungeon Crawl Stone Soup version 0.20.0-4-g10b340a (webtiles) character file.

487 RKaid the Gusty (level 7, 0/42 HPs)
             Began as a Tengu Air Elementalist on May 28, 2017.
             Was an Initiate of Sif Muna.
             Slain by a sky beast (6 damage)
             ... on level 5 of the Dungeon.
             The game lasted 00:17:40 (5325 turns).

RKaid the Gusty (Tengu Air Elementalist)            Turns: 5325, Time: 00:17:40

Health: 0/42       AC:  2    Str:  8    XL:     7   Next: 13%
Magic:  8/12       EV: 13    Int: 17    God:    Sif Muna [......]
Gold:   139        SH:  0    Dex: 15    Spells: 4/11 levels left

rFire    . . .     SeeInvis .   a - +2 short sword (drain)
rCold    . . .     Gourm    .   (no shield)
rNeg     . . .     Faith    .   e - +0 robe
rPois    .         Spirit   .   (helmet restricted)
rElec    .         Reflect  .   (no cloak)
rCorr    .         Harm     .   (no gloves)
MR       .....                  (boots unavailable)
Stlth    ++........             (no amulet)
Regen    0.2/turn               (no ring)
MPRegen  0.2/turn               (no ring)

@: no status effects
A: beak, talons 3, able to fly 1
a: Fly, Renounce Religion


You were on level 5 of the Dungeon.
You worshipped Sif Muna.
Sif Muna was noncommittal.
You were not hungry.

You visited 2 branches of the dungeon, and saw 7 of its levels.

You collected 139 gold pieces.

Inventory:

Hand Weapons
 a - a +2 short sword of draining (weapon)
   (You found it on level 2 of the Dungeon)
 b - a +0 blowgun
   (You took it off a kobold on level 5 of the Dungeon)
Missiles
 E - 12 poisoned needles
Armour
 e - a +0 robe (worn)
Wands
 A - a wand of acid (6/15)
   (You found it on level 6 of the Dungeon)
Scrolls
 d - a scroll of fear {unknown}
 f - 2 scrolls of recharging {unknown}
 l - a scroll of amnesia {unknown}
 s - a scroll of magic mapping {unknown}
 u - 2 scrolls of fog {unknown}
 w - a scroll of immolation {unknown}
 x - a scroll of enchant weapon {unknown}
 y - a scroll of enchant armour {unknown}
Potions
 m - a potion of curing
 p - 2 potions of haste
 r - 4 potions of might
 t - a potion of magic
 z - 3 potions of heal wounds
 B - a potion of brilliance
Books
 k - a book of Air
Comestibles
 c - 4 bread rations
 v - 5 meat rations
 C - 5 chunks of flesh
 D - 3 fruits


   Skills:
 + Level 3.9 Fighting
 + Level 4.2 Short Blades
 - Level 2.1 Dodging
 - Level 2.0 Stealth
 - Level 2.7 Spellcasting
 - Level 3.5 Conjurations
 - Level 5.2 Air Magic


You had 4 spell levels left.
You knew the following spells:

 Your Spells              Type           Power        Failure   Level  Hunger
a - Shock                 Conj/Air       ###.         3%          1    #......
b - Airstrike             Air            ###.......   21%         4    #####..
A - Swiftness             Chrm/Air       ##......     9%          2    ##.....


Dungeon Overview and Level Annotations

Branches:
Dungeon (6/15)             Temple (1/1) D:5

Altars:
Ashenzari
Dithmenos
Elyvilon
Fedhas
Hepliaklqana
Makhleb
Nemelex Xobeh
Qazlal
Ru
Sif Muna
Trog
Vehumet
Xom
Yredelemnul

Shops:
D:5 =

Annotations:
D:3 gorpus's ghost, amateur OpTm


Innate Abilities, Weirdness & Mutations

You have a beak for a mouth.
You have claws for feet.
You can fly.


Message History

You see here an orc skeleton. x2
There is an open door here.
As you open the door, it creaks loudly!
There is an open door here.
You open the door.
A kobold comes into view.
The kobold shouts!
The kobold throws a stone.
The stone hits you but does no damage.
There is an open door here.
You see here a stone.
The kobold closely misses you.
You barely miss the kobold. Your kick misses the kobold. The kobold misses you.
You closely miss the kobold. The kobold closely misses you.
You closely miss the kobold. Your kick misses the kobold.
The kobold misses you.
You closely miss the kobold. The kobold hits you.
You hit the kobold. The kobold closely misses you.
Casting: Shock
Confirm with . or Enter, or press ? or * to list all spells.
Aiming: Shock
Press: ? - help, Shift-Dir - straight line The zap hits the kobold.
You kill the kobold!
g - 29 stones (gained 4)
g - 30 stones (gained 1)
There is an open door here.
As you open the door, it creaks loudly!
You open the door.
Found a staircase to the Ecumenical Temple.
Drop what? 25/52 slots (_ for help) (? for menu, Esc to quit)
You drop 30 stones.
There is an open door here.
Found a stone staircase leading up.
You open the door.
There is an open door here.
There is a staircase to the Ecumenical Temple here.
You climb downwards.
Welcome to the Ecumenical Temple!
Found eight altars.
There is a staircase back to the Dungeon here.
Found a sparkling altar of Nemelex Xobeh.
There is a basalt altar of Yredelemnul here.
There is a deep blue altar of Sif Muna here.
You kneel at the altar of Sif Muna.
Sif Muna welcomes you!
Unknown command.
Press < or > to pray at altars.
There is a basalt altar of Yredelemnul here.
There is a staircase back to the Dungeon here.
You climb upwards.
Welcome back to the Dungeon!
There is a staircase to the Ecumenical Temple here.
Okay, then.
Save game and exit?
Welcome back, RKaid the Tengu Air Elementalist.
Sif Muna whispers: I know many secrets...
Press ? for a list of commands and other information.
This spell is slightly dangerous to cast.
Memorise Airstrike, consuming 4 spell levels and leaving 4?
You start memorising the spell.
You continue memorising. x4
You finish memorising.
Spell assigned to 'b'.
You open the door.
There is an open door here.
You open the door.
There is an open door here.
Some of the chunks of flesh in your inventory have rotted away.
You now have 139 gold pieces (gained 9).
A quokka and a sky beast come into view.
As you open the door, it creaks loudly!
Some of the chunks of flesh in your inventory have rotted away.
There is an open door here.
You open the door.
There is an open door here.
The sky beast flickers out of sight!
Deactivating autopickup; reactivate with Ctrl-A.
There is an open door here.
There is an open door here.
Some of the chunks of flesh in your inventory have rotted away.
You miss something. Your kick misses something. Something hits you.
Something shocks you.
You miss something. Something hits you. Something shocks you.
You hit something. You peck something. Something hits you.
Something shocks you.
A sky beast appears from thin air!
Reactivating autopickup.
The sky beast flickers out of sight!
Deactivating autopickup; reactivate with Ctrl-A.
Cast which spell? (? or * to list)
You can't see any susceptible monsters within range! (Use Z to cast anyway.) Cast which spell? (? or * to list)
You don't know that spell.
Something barely misses you. Something hits you. Something shocks you.
* * * LOW HITPOINT WARNING * * *
Cast which spell? (? or * to list)
Aiming: Airstrike
Press: ? - help, Dir - move target cursor The air twists around and violently strikes something!
Something hits you.
* * * LOW HITPOINT WARNING * * *
Something shocks you.
You die...

###### #######
#....##### #.....#
#....#...# #.....#
#....'...# #.....#
#....#...# #.....#
#..@.#...# #.....#
####..{.#########......
#...........#...#......
#...........#...#......
#...........#...##'###.
#...........#........#
#...........#........+
#...........#..###'###
####....##########..#


There were no monsters in sight!

Vanquished Creatures
  A water moccasin (D:5)
  A bullfrog (D:6)
  A howler monkey (D:5)
  4 crimson imps
  A worker ant zombie (D:5)
  5 adders
  3 oozes
  A worm (D:2)
  A dart slug (D:2)
  A leopard gecko (D:1)
  7 orcs
  A bat zombie (D:1)
  2 giant cockroaches
  7 goblins
  5 hobgoblins
  4 jackals
  4 quokkas
  4 bats
  5 frilled lizards
  A jackal zombie (D:1)
  9 kobolds
  9 rats
77 creatures vanquished.

Notes
Turn   | Place    | Note
-------+----------+-------------------------------------------
     0 | D:1      | RKaid the Tengu Air Elementalist began the quest for the Orb.
     0 | D:1      | Reached XP level 1. HP: 10/10 MP: 4/4
   421 | D:1      | Reached XP level 2. HP: 15/15 MP: 1/6
  1053 | D:1      | Reached skill level 2 in Conjurations
  1200 | D:2      | Reached XP level 3. HP: 19/19 MP: 1/7
  1263 | D:2      | Learned a level 2 spell: Swiftness
  1291 | D:1      | HP: 4/19 [adder (5)]
  2150 | D:2      | Reached XP level 4. HP: 24/24 MP: 7/9
  2241 | D:2      | Found a burning altar of Makhleb.
  2305 | D:2      | Reached skill level 3 in Conjurations
  2305 | D:2      | Reached skill level 5 in Air Magic
  2698 | D:3      | Found a stormy altar of Qazlal.
  2704 | D:3      | Noticed gorpus's ghost (amateur OpTm)
  2728 | D:3      | HP: 4/24 [gorpus's ghost (8)]
  3053 | D:3      | Found a blossoming altar of Fedhas.
  3201 | D:3      | Found a shimmering altar of Xom.
  3257 | D:3      | Reached skill level 1 in Fighting
  3257 | D:3      | Reached skill level 1 in Short Blades
  3257 | D:3      | Gained mutation: You can fly. [Tengu growth]
  3257 | D:3      | Reached XP level 5. HP: 21/29 MP: 0/10
  3413 | D:3      | HP: 7/29 [crimson imp/dagger of chaos (19)]
  3952 | D:3      | Reached skill level 2 in Fighting
  3952 | D:3      | Reached skill level 2 in Short Blades
  4162 | D:3      | You fall through a shaft for 3 floors!
  4242 | D:6      | Reached XP level 6. HP: 21/36 MP: 4/11
  4360 | D:6      | Reached skill level 3 in Short Blades
  4371 | D:6      | Found a white marble altar of Elyvilon.
  4414 | D:5      | Entered Level 5 of the Dungeon
  4414 | D:5      | Found Woleicapp's Jewellery Emporium.
  4414 | D:5      | Found a stormy altar of Qazlal.
  4422 | D:5      | Reached skill level 3 in Fighting
  4447 | D:5      | Found a shattered altar of Ashenzari.
  4641 | D:5      | Noticed a water moccasin
  4816 | D:5      | Killed a water moccasin
  4816 | D:5      | Reached skill level 4 in Short Blades
  4816 | D:5      | Reached XP level 7. HP: 30/42 MP: 6/12
  4977 | D:5      | Found Avis's Armour Shoppe.
  5166 | D:5      | Found a staircase to the Ecumenical Temple.
  5188 | Temple   | Entered the Ecumenical Temple
  5195 | Temple   | Became a worshipper of Sif Muna the Loreminder
  5209 | D:5      | Learned a level 4 spell: Airstrike
  5320 | D:5      | HP: 9/42 [something (5)]
  5325 | D:5      | HP: 6/42 [something (4)]
  5325 | D:5      | Slain by a sky beast

Skill      XL: |  1  2  3  4  5  6 |
---------------+-------------------+-----
Conjurations   | 2 3 |  3.5
Air Magic      | 5 |  5.2
Fighting       | 1 2 3 |  3.9
Short Blades   | 1 2 4 |  4.2
Dodging        | |  2.1
Stealth        | |  2.0
Spellcasting   | |  2.7

Action                   |  1- 3 |  4- 6 |  7- 9 || total
-------------------------+-------+-------+-------++-------
Melee: Unarmed           |     6 |       |       ||     6
       Short sword       |     6 |    52 |    12 ||    70
       Peck              |       |     9 |     1 ||    10
       Kick              |       |    10 |       ||    10
 Cast: Shock             |    73 |   126 |     9 ||   208
       Airstrike         |       |       |     1 ||     1
  Use: Potion            |     2 |       |       ||     2
       Scroll            |       |       |     6 ||     6
 Stab: Sleeping          |       |     2 |     2 ||     4
  Eat: Chunk             |     5 |     8 |     1 ||    14
       Fruit             |       |     1 |       ||     1
Armor: Robe              |    10 |     5 |       ||    15
Dodge: Dodged            |    41 |    43 |    11 ||    95

Table legend:
 A = Turns spent in this place as a percentage of turns spent in the entire game.
 B = Non-inter-level travel turns spent in this place as a percentage of non-inter-level travel turns spent in the entire game.
 C = Inter-level travel turns spent in this place as a percentage of turns spent in this place.
 D = Turns resting spent in this place as a percentage of non-inter-level travel turns spent in this place.
 E = Turns spent auto-exploring this place as a percentage of non-inter-level travel turns spent in this place.
 F = Non-inter-level travel turns spent in this place divided by the number of levels of this place that you've seen.
                   A       B       C       D       E      F
               +-------+-------+-------+-------+-------+----------------------
         Total | 100.0 | 100.0 |   0.4 |   7.3 |   9.7 | 169.1
       Dungeon |  98.7 |  98.7 |   0.4 |   7.4 |   9.8 | 194.8
        Temple |   1.3 |   1.3 |   0.0 |   0.0 |   0.0 |  15.0
               +-------+-------+-------+-------+-------+----------------------

Table legend:
 A = Kills in this place as a percentage of kills in entire the game.
 B = Kills by you in this place as a percentage of kills by you in the entire game.
 C = Kills by friends in this place as a percentage of kills by friends in the entire game.
 D = Other kills in this place as a percentage of other kills in the entire game.
 E = Experience gained in this place as a percentage of experience gained in the entire game.
 F = Experience gained in this place divided by the number of levels of this place that you have seen.
                   A       B       C       D       E      F
               +-------+-------+-------+-------+-------+----------------------
         Total | 100.0 | 100.0 |  -nan |  -nan | 100.0 |  99.4
       Dungeon | 100.0 | 100.0 |  -nan |  -nan | 100.0 | 116.0
               +-------+-------+-------+-------+-------+----------------------
